 Dungeon Crawl Stone Soup version 0.19-a0-749-g66ae36b (webtiles) character file.

53 incide the Conjurer (level 3, 0/20 HPs)
             Began as a Tengu Conjurer on June 24, 2016.
             Succumbed to an adder's poison
             ... on level 3 of the Dungeon.
             The game lasted 00:03:31 (1512 turns).

incide the Conjurer (Tengu Conjurer)                Turns: 1512, Time: 00:03:31

Health: 0/20       AC: 14    Str:  8    XL:     3   Next: 87%
Magic:  7/7        EV: -7    Int: 16    God:
Gold:   60         SH:  0    Dex: 14    Spells: 2 memorised, 3 levels left

rFire  . . .     SeeInvis .     q - +0 falchion
rCold  . . .     Gourm    .     g - +0 crystal plate armour
rNeg   . . .     Faith    .     (no shield)
rPois  .         Spirit   .     j - +0 hat
rElec  .         Dismiss  .     (no cloak)
rCorr  .         Reflect  .     (no gloves)
SustAt .         Harm     .     (boots unavailable)
MR     .....                    (no amulet)
Stlth  ..........               (no ring)
                                f - ring of flight

@: lethally poisoned (0 -> -3), not resistant to hostile enchantments, extremely
unstealthy
A: beak, talons 3
a: Evoke Flight


You were on level 3 of the Dungeon.
You were not hungry.

You visited 1 branch of the dungeon, and saw 3 of its levels.

You collected 60 gold pieces.

Inventory:

Hand Weapons
 q - a +0 falchion (weapon)
Armour
 a - a +0 robe
 g - a +0 crystal plate armour (worn)
 j - a +0 hat (worn)
Jewellery
 f - a ring of flight (left hand)
Scrolls
 e - 2 scrolls of magic mapping {unknown}
 i - a scroll of recharging {unknown}
 k - a scroll of fog {unknown}
 m - 3 scrolls of teleportation {unknown}
 n - a scroll of identify {unknown}
 o - a scroll of random uselessness {unknown}
Books
 b - a book of Conjurations

   Spells                             Type                      Level
   a - Magic Dart                     Conjuration                  1
   b - Searing Ray                    Conjuration                  2
   c - Dazzling Spray                 Conjuration/Hexes            3
   d - Fulminant Prism                Conjuration/Hexes            4
   e - Iskenderun's Mystic Blast      Conjuration                  4
   f - Iskenderun's Battlesphere      Conjuration/Charms           5
Comestibles
 c - a bread ration
 d - 3 fruits
 h - a meat ration
 l - a royal jelly
 p - a beef jerky


   Skills:
 - Level 1.2 Fighting
 + Level 1.2 Armour
 - Level 2.1 Dodging
 - Level 2.0 Stealth
 - Level 2.0 Spellcasting
 - Level 6.5 Conjurations


You had 3 spell levels left.
You knew the following spells:

 Your Spells              Type           Power        Failure   Level  Hunger
a - Magic Dart            Conj           ###.         100%        1    #......
b - Searing Ray           Conj           ###...       100%        2    ###....


Dungeon Overview and Level Annotations

Branches:
Dungeon (3/15)

Altars:
Okawaru
Sif Muna


Innate Abilities, Weirdness & Mutations

You have a beak for a mouth.
You have claws for feet.


Message History

* * * LOW HITPOINT WARNING * * *
You feel sick.
You see here an adder corpse.
* * * LOW HITPOINT WARNING * * *
You feel sick.
You see here an adder corpse.
You butcher the adder corpse.
You see here a chunk of flesh {@w1}.
Eat a chunk of flesh {@w1}? (ye/n/q/i?) This raw flesh tastes terrible.
* * * LOW HITPOINT WARNING * * *
You feel sick.
You continue eating. x2
You aren't carrying any potions.
You aren't carrying any potions.
* * * LOW HITPOINT WARNING * * *
You feel sick.
There is an escape hatch in the floor, spattered with blood here.
You slide downwards.
The hatch slams shut behind you.
You die...

### .. #.##
##(..##
##.....##
###.......#.
#...@._.....
.....#.......##
... ##.....## #
##...## #.## ..
###


There were no monsters in sight!

Vanquished Creatures
  2 adders (D:2)
  A dart slug (D:1)
  2 giant geckos
  3 giant cockroaches
  4 goblins (D:1)
  2 hobgoblins (D:1)
  2 kobolds (D:1)
  6 bats
  2 giant newts
  8 rats
32 creatures vanquished.

Notes
Turn   | Place    | Note
--------------------------------------------------------------
     0 | D:1      | incide the Tengu Conjurer began the quest for the Orb.
     0 | D:1      | Reached XP level 1. HP: 10/10 MP: 4/4
    62 | D:1      | Reached XP level 2. HP: 14/15 MP: 3/6
    66 | D:1      | Learned a level 2 spell: Searing Ray
   214 | D:1      | Reached skill level 6 in Conjurations
   640 | D:1      | Reached skill level 1 in Fighting
   844 | D:2      | Reached XP level 3. HP: 16/20 MP: 7/7
  1406 | D:2      | Found a deep blue altar of Sif Muna.
  1500 | D:2      | Reached skill level 1 in Armour
  1500 | D:2      | HP: 4/20 [poisoned by an adder]
  1505 | D:2      | HP: 2/20 [poisoned by an adder]
  1512 | D:3      | Found an iron altar of Okawaru.
  1512 | D:3      | Succumbed to an adder's poison

Vault maps used:
D:1:      dpeg_arrival_court, minmay_misc_feat_plants
D:2:      lemuel_round_altar
D:3:      lemuel_doored_altar, lemuel_round_altar, serial_park_tiny_2,
          kennysheep_cross_room

Skill      XL: |  1  2  3 |
---------------+----------+-----
Conjurations   | 6 |  6.5
Fighting       | 1 |  1.2
Armour         | 1 |  1.2
Dodging        | |  2.1
Stealth        | |  2.0
Spellcasting   | |  2.0

Action                   || total
-------------------------++-------
Melee: Unarmed           ||   127
       Kick              ||    45
       Peck              ||    22
       Falchion          ||    47
 Cast: Magic Dart        ||    18
 Abil: Evoke Flight      ||     1
  Eat: Chunk             ||     3
Armor: Robe              ||     3
       Crystal plate arm ||   228
Dodge: Dodged            ||     7
